 Dungeon Crawl Stone Soup version 0.27-a0-1287-gca74d27db6 (webtiles) character file.

Game seed: 15843955177591889255

493 lmSkywalker the Grave Robber (level 6, -5/41 HPs)
             Began as a Demonspawn Necromancer on June 14, 2021.
             Slain by a gnoll (8 damage)
             ... on level 4 of the Dungeon.
             The game lasted 00:19:41 (4690 turns).

lmSkywalker the Grave Robber (DsNe)                 Turns: 4690, Time: 00:19:42

Health: -5/41      AC:  2    Str:  8    XL:     6   Next: 92%
Magic:  10/10      EV: 13    Int: 19    God:
Gold:   168        SH:  0    Dex: 13    Spells: 2/11 levels left

rFire    . . .     SeeInvis .   c - +1 dagger (elec)
rCold    . . .     Faith    .   (no shield)
rNeg     . . .     Spirit   .   a - +0 robe
rPois    .         Reflect  .   (no helmet)
rElec    .         Harm     .   (no cloak)
rCorr    .         Rampage  .   (no gloves)
Will     .....                  (no boots)
Stlth    ++........             (no amulet)
HPRegen  0.13/turn              (no ring)
MPRegen  0.24/turn              (no ring)

@: no status effects
A: claws 1, foul stench 1, magic regeneration
a: no special abilities


You were on level 4 of the Dungeon.
You visited 1 branch of the dungeon, and saw 4 of its levels.

You collected 168 gold pieces.

Inventory:

Hand Weapons
 c - a +1 dagger of electrocution (weapon)
Missiles
 d - 13 poisoned darts
 n - 10 boomerangs
Armour
 a - a +0 robe (worn)
 j - a +0 leather armour
Jewellery
 f - a ring of protection from cold
 q - a +4 ring of protection
Wands
 l - a wand of charming (9)
Scrolls
 b - a scroll of immolation {unknown}
 i - 6 scrolls of identify {unknown}
 k - a scroll of enchant weapon {unknown}
 o - a scroll of enchant armour {unknown}
Potions
 e - a potion of ambrosia {unknown}
 g - a potion of resistance {unknown}
 h - 2 potions of lignification {unknown}
 m - 2 potions of attraction {unknown}
 p - a potion of heal wounds {unknown}


   Skills:
 - Level 2.0 Short Blades
 + Level 4.4 Dodging
 - Level 1.7 Stealth
 - Level 3.0 Spellcasting
 + Level 6.6 Necromancy


You had 2 spell levels left.
You knew the following spells:

 Your Spells              Type           Power      Damage    Failure   Level
a - Pain                  Necr           100%       1d9       1%          1
b - Animate Skeleton      Necr           54%        N/A       1%          1
c - Vampiric Draining     Necr           13%        2d7       3%          3
d - Animate Dead          Necr           13%        N/A       10%         4

Your spell library contained the following spells:

 Spells                   Type           Power      Damage    Failure   Level
 Agony                    Necr           27%        N/A       28%         5


Dungeon Overview and Level Annotations

Branches:
Dungeon (4/15)
 Temple: D:4-7

Altars:

Shops:
D:3 *


Innate Abilities, Weirdness & Mutations

You have sharp fingernails.
You may rarely emit foul miasma when damaged in melee.
You regenerate magic rapidly.


Message History

The jelly writhes in agony.
Your gnoll skeleton hits the jelly with a +0 halberd.
Your gnoll skeleton is burned by acid!
The gnoll shaman closely misses you. The jelly closely misses you.
The gnoll closely misses you.
Casting: Pain (safe; 1% risk of failure)
Confirm with . or Enter, or press ? or * to list all spells.
Aiming: Pain (safe; 1% risk of failure)
Press: ? - help, Shift-Dir - straight line, f/p - jelly
Aim: a jelly (severely wounded, ally target, chance to affect: 89%)
The jelly writhes in agony!
You kill the jelly!
The gnoll hits you from afar with a +0 trident!
Your gnoll skeleton barely misses the gnoll.
The gnoll shaman mumbles some strange prayers to its god against you.
You resist with some effort.
Your gnoll skeleton hits the gnoll with a +0 war axe.
Your gnoll skeleton barely misses the gnoll.
Something hits your gnoll skeleton.
Your gnoll skeleton is destroyed!
Your gnoll skeleton crumbles into dust!
The gnoll shaman invokes the aid of its god against you.
You resist with some effort.
You are no longer corroded.
The gnoll hits you from afar with a +0 trident!
* * * LOW HITPOINT WARNING * * *
You see here a +0 giant spiked club.
The gnoll misses you. The gnoll closely misses you.
The gnoll closely misses you. The gnoll misses you.
The gnoll barely misses you. The gnoll barely misses you.
The gnoll barely misses you.
The gnoll hits you from afar with a +0 trident!
* * * LOW HITPOINT WARNING * * *
The gnoll barely misses you.
There is a stone staircase leading up here.
The gnoll hits you with a +0 trident!
You die...

#...# #............#.)
#...# #............#.#
#...########...............
#...............)......###.
#...########...........###.
#...# #......g............
#.### #.##...#+#.##.##.###
#.# #.#.g#.#.#.........#
#.# #..@.....#.#######.#
#.###############.#........
#.................#.##.....
###################.##.####
#.##.# #....# ######


You could see a gnoll shaman and a gnoll (fast).

Vanquished Creatures
  A necrophage (D:3)
  An ogre (D:4)
  A water moccasin skeleton (D:3)
  A centaur zombie (D:3)
  A jelly (D:4)
  Jessica (D:2)
  Natasha (thrice) (D:3)
  3 adders (D:3)
  2 gnolls (D:4)
  A worm (D:3)
  2 dart slugs
  An orc (D:3)
  8 endoplasms
  3 giant cockroaches
  8 goblins
  6 hobgoblins
  6 jackals (D:1)
  8 kobolds
  3 quokkas
  4 ball pythons
  4 bats
  2 frilled lizards
  6 rats
76 creatures vanquished.

Vanquished Creatures (collateral kills)
  A gnoll (D:4)
1 creature vanquished.

Grand Total: 77 creatures vanquished

Notes
Turn   | Place    | Note
-------+----------+-------------------------------------------
     0 | D:1      | lmSkywalker the Demonspawn Necromancer began the quest for
                  | the Orb.
     0 | D:1      | Reached XP level 1. HP: 13/13 MP: 3/3
   473 | D:1      | Gained mutation: You regenerate magic rapidly. [demonic
                  | ancestry]
   473 | D:1      | Reached XP level 2. HP: 15/19 MP: 0/5
   797 | D:1      | Learned a level 1 spell: Animate Skeleton
  1354 | D:1      | Reached XP level 3. HP: 23/24 MP: 6/6
  1360 | D:1      | Learned a level 3 spell: Vampiric Draining
  1885 | D:2      | Noticed Jessica
  1912 | D:2      | Killed Jessica
  1913 | D:2      | Reached skill level 1 in Short Blades
  1913 | D:2      | Reached skill level 5 in Necromancy
  1913 | D:2      | Reached XP level 4. HP: 28/30 MP: 4/7
  2805 | D:3      | Noticed Natasha
  2812 | D:3      | Killed Natasha
  3197 | D:3      | Noticed Natasha
  3206 | D:3      | Killed Natasha
  3207 | D:3      | Gained mutation: You may rarely emit foul miasma when
                  | damaged in melee. [demonic ancestry]
  3207 | D:3      | Reached XP level 5. HP: 24/35 MP: 6/9
  3316 | D:3      | Noticed Natasha
  3323 | D:3      | Killed Natasha
  3648 | D:3      | Found Puan's Assorted Antiques.
  3788 | D:3      | Noticed a necrophage
  3913 | D:3      | Gained mutation: You have sharp fingernails. [demonic
                  | ancestry]
  3913 | D:3      | Reached XP level 6. HP: 27/41 MP: 3/10
  4027 | D:3      | Found a faded altar of an unknown god.
  4223 | D:3      | Reached skill level 6 in Necromancy
  4389 | D:3      | Learned a level 4 spell: Animate Dead
  4690 | D:4      | Slain by a gnoll

Illustrated notes

Levels and vault maps discovered:
D:1:      kennysheep_arrival_forest, layout_loops_cross
D:2:      kennysheep_six_static_rooms, layout_rooms, serial_glass,
          glass_columns_c, glass_columns_a, glass_columns_b, glass_columns_a,
          glass_columns_c, minmay_strange_pillars, minmay_strange_pillars,
          item_on_display_a, uniq_jessica
D:3:      layout_basic, shapermc_ecumenical_altar_starsandcircs, serial_shops,
          shop, uniq_natasha
D:4:      layout_basic, amethyst_overflow_temple_binary, lemuel_crystal_altar,
          serial_curves, eino_curves_02, eino_curves_01

Skill      XL: |  1  2  3  4  5  6 |
---------------+-------------------+-----
Dodging        | 2 3 4 |  4.4
Short Blades   | 1 2 |  2.0
Necromancy     | 5 6 |  6.6
Spellcasting   | 3 |  3.0
Stealth        | |  1.7

Action                   |  1- 3 |  4- 6 || total
-------------------------+-------+-------++-------
Melee: Unarmed           |     2 |       ||     2
       Dagger            |    16 |    53 ||    69
Throw: Stone             |     1 |       ||     1
       Dart              |       |     3 ||     3
 Cast: Pain              |    50 |    62 ||   112
       Animate Skeleton  |     4 |    11 ||    15
       Vampiric Draining |       |     6 ||     6
 Stab: Distracted        |       |     1 ||     1
       Sleeping          |       |     2 ||     2
Armor: Robe              |    11 |    10 ||    21
Dodge: Dodged            |    17 |    49 ||    66

Table legend: (Time is in decaauts)
 A = Elapsed time spent in this place.
 B = Non-inter-level travel time spent in this place.
 C = Inter-level travel time spent in this place.
 D = Time resting spent in this place.
 E = Time spent auto-exploring this place.
 F = Levels seen in this place.
 G = Mean time per level.
                   A        B        C        D        E       F      G
               +--------+--------+--------+--------+--------+-----+--------+
         Total |   4685 |   4584 |    101 |   1332 |   1557 |   4 | 1171.2 |
       Dungeon |   4685 |   4584 |    101 |   1332 |   1557 |   4 | 1171.2 |
               +--------+--------+--------+--------+--------+-----+--------+

Top non-repeatable levels by time:
     D:3: 1668 daAuts
     D:1: 1541 daAuts
     D:2: 1176 daAuts
     D:4: 299 daAuts
